 Dungeon Crawl Stone Soup version 0.28-a0-268-g3f656e82c2 (webtiles) character file.

Game seed: 12282399283590179448

49133 Argons the Tortoise (level 14, -5/115 HPs)
             Began as a Minotaur Transmuter on Aug 28, 2021.
             Was a High Priest of Trog.
             Succumbed to a minotaur's poison
             ... in a Gauntlet.
             The game lasted 02:13:04 (29213 turns).

Argons the Tortoise (Minotaur Transmuter)          Turns: 29213, Time: 02:13:05

Health: -5/115     AC: 17    Str: 25    XL:     14   Next: 14%
Magic:  3/15       EV: 15    Int: 12    God:    Trog [*****.]
Gold:   1176       SH:  6    Dex: 12    Spells: 14/15 levels left

rFire   . . .      SeeInvis .   Q - +7 flail of Callousness {vorpal, Int+2}
rCold   + . .      Faith    .   X - +0 buckler
rNeg    . . .      Spirit   +   t - +1 scale mail {rC+}
rPois   .          Reflect  .   (helmet restricted)
rElec   .          Harm     .   B - +0 cloak
rCorr   .          Rampage  .   m - +1 pair of gloves
Will    +++..      NoTele   +   U - +0 pair of boots
Stlth   ..........              R - amulet of guardian spirit
HPRegen 1.29/turn               q - +6 ring of strength
MPRegen 0.14/turn               L - +4 ring of evasion

@: lethally poisoned (-5 -> -26), strong-willed, on berserk cooldown,
regenerating, slowed, very slow
A: horns 2, retaliatory headbutt
a: Renounce Religion, Berserk, Trog's Hand, Brothers in Arms


You were in a Gauntlet.
You worshipped Trog.
Trog was extremely pleased with you.
You visited 3 branches of the dungeon, and saw 19 of its levels.
You also visited: Gauntlet.

You collected 1176 gold pieces.

Inventory:

Hand Weapons
 f - a +5 flail of holy wrath
 k - a +1 hand axe of venom
 Q - the +7 flail of Callousness (weapon) {vorpal, Int+2}
   (You took it off a tengu conjurer on level 10 of the Dungeon)

   It inflicts extra damage upon your enemies.
   Int:       It affects your intelligence (+2).
Missiles
 a - 53 poisoned darts
 A - 2 curare-tipped darts
 F - 24 boomerangs (quivered)
 I - 10 silver boomerangs
 V - 6 atropa-tipped darts
Armour
 m - a +1 pair of gloves (worn)
 t - a +1 scale mail of cold resistance (worn)
 B - a +0 cloak (worn)
 U - a +0 pair of boots (worn)
 X - a +0 buckler (worn)
Jewellery
 q - a +6 ring of strength (left hand)
 H - a ring of ice
 L - a +4 ring of evasion (right hand)
 M - a ring of protection from cold
 N - a ring of see invisible
 R - an amulet of guardian spirit (around neck)
Wands
 e - a wand of digging (3)
 j - a wand of acid (5)
 l - a wand of iceblast (11)
 x - a wand of mindburst (6)
 D - a wand of polymorph (33)
 E - a wand of flame (20)
 Y - a wand of paralysis (7)
Scrolls
 g - 2 scrolls of summoning
 h - a scroll of blinking {unknown}
 i - a scroll of holy word
 p - 4 scrolls of silence
 r - 5 scrolls of teleportation
 s - 3 scrolls of enchant armour
 u - 3 scrolls of enchant weapon
 y - a scroll of immolation {unknown}
 z - 2 scrolls of magic mapping
 C - a scroll of fear {unknown}
 G - a scroll of vulnerability {unknown}
 J - 3 scrolls of fog
 P - 2 scrolls of amnesia {unknown}
 S - a scroll of acquirement {unknown}
Potions
 b - 3 potions of curing
 c - 4 potions of flight
 d - a potion of brilliance {unknown}
 n - 4 potions of mutation
 v - 2 potions of might
 K - a potion of attraction {unknown}
 W - a potion of degeneration {unknown}
 Z - 2 potions of resistance
Miscellaneous
 o - a condenser vane
 w - a phantom mirror
 O - a phial of floods


   Skills:
 - Level 8.0 Fighting
 + Level 13.0(15.0) Axes
 + Level 12.9(15.0) Maces & Flails
 - Level 9.0 Throwing
 + Level 15.9 Armour
 - Level 2.1 Dodging
 - Level 1.3 Stealth
 - Level 9.0 Shields
 - Level 3.2 Unarmed Combat
 - Level 1.3 Spellcasting
 - Level 1.5 Transmutations


You had 14 spell levels left.
You knew the following spells:

 Your Spells              Type           Power      Damage    Failure   Level
a - Beastly Appendage     Tmut           8%         N/A       28%         1

Your spell library contained the following spells:

 Spells                   Type           Power      Damage    Failure   Level
 Wereblood                Tmut           4%         N/A       38%         2
 Corpse Rot               Necr/Air       N/A        N/A       61%         2
 Poisonous Vapours        Pois/Air       0%         N/A       61%         2
 Spider Form              Tmut/Pois      1%         N/A       75%         3
 Mephitic Cloud           Conj/Pois/Air  0%         N/A       83%         3
 Portal Projectile        Hex/Tloc       0%         N/A       83%         3
 Ice Form                 Ice/Tmut       2%         N/A       98%         4
 Blade Hands              Tmut           2%         N/A       100%        5
 Excruciating Wounds      Necr           0%         N/A       100%        5
 Freezing Cloud           Conj/Ice/Air   0%         6-21      100%        5


Dungeon Overview and Level Annotations

Branches:
Dungeon (12/15)            Temple (1/1) D:5            Lair (6/6) D:8
  Swamp (0/4) Lair:3       Spider (0/4) Lair:2        Slime (0/5) Lair:5
    Orc (0/2) D:9         Gauntlet (1/1)

Altars:
Ashenzari
Cheibriados
Dithmenos
Elyvilon
Fedhas
Gozag
Hepliaklqana
Kikubaaqudgha
Makhleb
Nemelex Xobeh
Okawaru
Qazlal
Ru
Sif Muna
Trog
Uskayaw
Vehumet
Wu Jian
Xom
Yredelemnul
Zin
The Shining One
Jiyva

Shops:
D:1 (   D:3 [   D:4 *   D:6 *

Annotations:
D:3 armor
D:4 arts in shop
D:6 shop
D:12 Zurghyom's ghost, journeyman DsDe Gauntlet 11 transporters


Innate Abilities, Weirdness & Mutations

You have a pair of horns on your head.
You reflexively headbutt those who attack you in melee.


Message History

You are more poisoned.
The minotaur gores you but does no damage.
You sock the minotaur!
The minotaur is heavily wounded.
You feel very sick.
You hit the minotaur but do no damage.
The minotaur is heavily wounded.
You feel very sick. The minotaur misses you. You furiously retaliate!
You headbutt the minotaur, but do no damage.
The minotaur gores you but does no damage.
The minotaur blocks your attack.
You headbutt the minotaur, but do no damage.
The minotaur is heavily wounded.
You feel very sick.
You sock the minotaur!
The minotaur is heavily wounded.
You feel very sick.
The minotaur hits you with the +9 flail of Articulation {venom, Will+}.
You are more poisoned.
The minotaur gores you. The minotaur blocks your attack.
The minotaur is heavily wounded.
You are no longer berserk.
You are exhausted.
You feel yourself slow down.
You feel very sick.
You feel better.
The minotaur hits you with the +9 flail of Articulation {venom, Will+}!!
* * * LOW HITPOINT WARNING * * *
You are lethally poisoned!
The minotaur gores you.
* * * LOW HITPOINT WARNING * * *
The minotaur hits you with the +9 flail of Articulation {venom, Will+}.
* * * LOW HITPOINT WARNING * * *
You are more poisoned.
The minotaur barely misses you.
* * * LOW HITPOINT WARNING * * *
You feel extremely sick.
You die...

#.....#.#.8.#...###
#######.#.#.©.#...###
)8[8.8#...#.8.#.8.#.#
..H...'.###.©.#.∩.#..
#...#.8.#.8.#.#
#####.#.#.©.#...#.#
#...H.#.#.8.#...#y.
#8........©.#.8.###
##@##.###.8.#.⌠.#8.
#..........#.8.#©.
########...#...#8.
#≈≈≈#...###
##≈###..#.. ###
##.#.. ##≈.#..
#≈≈.#.. ##≈.#.#


You could see a minotaur (resistant).

Vanquished Creatures
  A boulder beetle (D:11)
  5 hydras
  A catoblepas (Lair:6)
  6 death yaks
  3 two-headed ogres
  A deep troll shaman (Lair:6)
  A deep elf pyromancer (D:12)
  An oklob plant (Lair:4)
  An ugly thing (D:11)
  A will-o-the-wisp (Lair:3)
  12 elephants
  6 black mambas
  3 torpor snails
  A kobold demonologist (D:11)
  A gargoyle (D:11)
  10 cane toads
  An unseen horror (D:10)
  A rime drake (Lair:5)
  3 komodo dragons
  A tengu conjurer (D:10)
  A jumping spider (Lair:2)
  2 polar bears (Lair:6)
  A hornet (Lair:5)
  5 trolls
  18 blink frogs
  4 dream sheep
  5 wyverns
  5 wraiths
  5 basilisks
  54 yaks
  Grum (Lair:1)
  The ghost of graki42 the Shield-Bearer, an amateur OpFi (D:3)
  Menkaure (D:4)
  9 water moccasins
  2 ice beasts
  A black bear (D:6)
  5 orc warriors
  2 necrophages
  22 wolves
  5 ogres
  2 centaurs
  A phantom (D:5)
  15 bullfrogs
  A kobold brigand (D:5)
  A scorpion (D:6)
  A gnoll sergeant (D:9)
  A water moccasin skeleton (D:4)
  11 killer bees
  4 wights (D:8)
  A howler monkey (D:5)
  4 electric eels
  3 hounds (D:8)
  A bullfrog zombie (D:7)
  10 jellies
  4 centaur zombies
  A bullfrog skeleton (D:6)
  10 orc priests
  Jessica (D:3)
  4 iguanas
  12 orc wizards
  7 hell rats (Lair:2)
  A killer bee zombie (D:8)
  A howler monkey zombie (D:10)
  4 gnolls (D:9)
  5 adders
  3 shadow imps
  2 white imps
  2 ufetubi (D:6)
  An adder zombie (D:5)
  3 worms
  4 dart slugs
  41 orcs
  3 bat zombies (D:3)
  12 endoplasms
  7 giant cockroaches
  5 hobgoblins
  11 kobolds
  4 quokkas
  5 ball pythons
  2 bats (D:2)
  7 frilled lizards
  9 goblins
  3 rats
  A rat zombie (D:3)
  A bush (Lair:6)
441 creatures vanquished.

Vanquished Creatures (others)
  A giant cockroach (D:4)
  A quokka (D:4)
  A demonic plant (Gauntlet)
  6 foxfires (Lair:3)
  40 fungi
  40 plants
89 creatures vanquished.

Grand Total: 530 creatures vanquished

Notes
Turn   | Place    | Note
-------+----------+-------------------------------------------
     0 | D:1      | Argons the Minotaur Transmuter began the quest for the Orb.
     0 | D:1      | Reached XP level 1. HP: 16/16 MP: 1/1
   441 | D:1      | Found Tiex's Weapon Boutique.
   444 | D:1      | Reached XP level 2. HP: 25/25 MP: 3/3
  1469 | D:2      | Reached skill level 1 in Maces & Flails
  1737 | D:2      | Found a faded altar of an unknown god.
  2065 | D:2      | Reached skill level 1 in Armour
  2065 | D:2      | Reached XP level 3. HP: 31/31 MP: 4/4
  2893 | D:3      | Found a basalt altar of Yredelemnul.
  2935 | D:3      | Reached skill level 2 in Armour
  3193 | D:3      | Reached XP level 4. HP: 38/38 MP: 5/5
  3202 | D:3      | Found a runed translucent door.
  3202 | D:3      | Noticed graki42's ghost (amateur OpFi)
  3202 | D:3      | Noticed a bullfrog
  3242 | D:3      | Found a white marble altar of Elyvilon.
  3246 | D:3      | Noticed Jessica
  3628 | D:3      | Found a runed translucent door.
  3784 | D:3      | Noticed an ogre
  3945 | D:3      | Killed Jessica
  3946 | D:3      | Reached skill level 1 in Axes
  3946 | D:3      | Reached skill level 3 in Armour
  3958 | D:3      | Found Ceat Axa's Antique Armour Shoppe.
  4114 | D:3      | Found an ancient bone altar of Kikubaaqudgha.
  4296 | D:4      | Found a shadowy altar of Dithmenos.
  4335 | D:4      | HP: 1/38 [orc priest/divine providence (12)]
  4748 | D:4      | Reached XP level 5. HP: 45/45 MP: 6/6
  4843 | D:3      | Killed an ogre
  4844 | D:3      | Reached skill level 1 in Stealth
  4999 | D:4      | Found Maat's Assorted Antiques.
  5050 | D:4      | Reached skill level 4 in Armour
  5100 | D:4      | Reached XP level 6. HP: 48/51 MP: 7/7
  5282 | D:4      | Noticed Menkaure
  5585 | D:4      | Noticed an ice beast
  5660 | D:5      | Entered Level 5 of the Dungeon
  5766 | D:5      | Found a stormy altar of Qazlal.
  5999 | D:5      | Reached skill level 5 in Armour
  6421 | D:5      | Reached XP level 7. HP: 27/57 MP: 8/8
  6967 | D:5      | Reached skill level 5 in Axes
  7107 | D:5      | Found a staircase to the Ecumenical Temple.
  7244 | Temple   | Entered the Ecumenical Temple
  7345 | D:5      | Reached skill level 5 in Fighting
  7597 | D:6      | Noticed a wraith
  7742 | D:4      | Killed Menkaure
  7743 | D:4      | Reached skill level 6 in Armour
  7743 | D:4      | Reached XP level 8. HP: 20/68 MP: 9/9
  8145 | D:6      | Reached skill level 5 in Maces & Flails
  8198 | D:6      | Found Riqe's Assorted Antiques.
  8295 | D:6      | Reached skill level 7 in Armour
  8895 | D:6      | Reached skill level 8 in Armour
  9252 | D:6      | Found a sparkling altar of Nemelex Xobeh.
  9601 | D:7      | Reached XP level 9. HP: 62/74 MP: 10/10
 10131 | D:7      | Reached skill level 9 in Armour
 10788 | D:3      | Killed graki42's ghost
 11249 | D:8      | Found a bloodstained altar of Trog.
 11255 | D:8      | Became a worshipper of Trog the Wrathful
 11423 | D:8      | Reached skill level 10 in Armour
 11549 | D:8      | Reached skill level 1 in Throwing
 12005 | D:8      | Reached XP level 10. HP: 70/81 MP: 11/11
 12012 | D:8      | Reached * piety under Trog
 13262 | D:8      | Found a staircase to the Lair.
 13587 | D:9      | Reached skill level 5 in Throwing
 13682 | D:9      | Noticed a two-headed ogre
 13749 | D:9      | Found a staircase to the Orcish Mines.
 13862 | D:9      | Found Qouwnoif's CLEARANCE SALE! EVERYTHING MUST GO!.
 14152 | D:9      | Killed a two-headed ogre
 14153 | D:9      | Reached skill level 10 in Axes
 14159 | D:9      | Noticed a two-headed ogre
 14424 | D:9      | Found a broken altar of Ashenzari.
 14534 | D:10     | Entered Level 10 of the Dungeon
 14621 | D:9      | Killed a two-headed ogre
 14621 | D:9      | Reached ** piety under Trog
 14810 | D:9      | Reached XP level 11. HP: 45/86 MP: 12/12
 15081 | D:10     | Identified the +7 flail of Callousness {vorpal, Int+2}
 15105 | D:10     | Reached skill level 10 in Maces & Flails
 15350 | D:10     | Found an ornate altar of the Wu Jian Council.
 15350 | D:10     | Found a hide-covered altar of Uskayaw.
 15355 | D:10     | Found a burning altar of Makhleb.
 15357 | D:10     | Found a shimmering altar of Xom.
 15358 | D:10     | Found a glowing golden altar of the Shining One.
 16169 | D:11     | Reached *** piety under Trog
 16192 | D:11     | Noticed a boulder beetle
 16204 | D:11     | Killed a boulder beetle
 16248 | D:11     | Noticed a red ugly thing
 16267 | D:11     | HP: 3/91 [red ugly thing (17)]
 16270 | D:11     | Killed a red ugly thing
 16271 | D:11     | Reached skill level 11 in Armour
 16701 | D:11     | Noticed a two-headed ogre
 16719 | D:11     | Killed a two-headed ogre
 17181 | Lair:1   | Entered Level 1 of the Lair of Beasts
 17568 | D:8      | Reached skill level 1 in Shields
 18318 | Lair:1   | Found a radiant altar of Vehumet.
 18732 | Lair:1   | Reached skill level 12 in Armour
 18732 | Lair:1   | Reached XP level 12. HP: 58/101 MP: 13/13
 19096 | Lair:1   | Noticed Grum
 19140 | Lair:1   | Killed Grum
 19141 | Lair:1   | Reached skill level 5 in Shields
 19689 | Lair:2   | Reached **** piety under Trog
 20177 | Lair:2   | Reached skill level 13 in Armour
 20368 | Lair:2   | Found a hole to the Spider Nest.
 20621 | Lair:3   | Found a staircase to the Swamp.
 20631 | Lair:3   | HP: 5/101 [will-o-the-wisp/foxfire (28)]
 22145 | Lair:4   | Noticed a five-headed hydra
 22160 | Lair:3   | Reached skill level 14 in Armour
 22896 | Lair:4   | Reached XP level 13. HP: 85/107 MP: 14/14
 23143 | Lair:4   | Reached ***** piety under Trog
 23973 | Lair:5   | Found a runed translucent door.
 23973 | Lair:5   | Found a viscous altar of Jiyva.
 23979 | Lair:5   | Found a staircase to the Slime Pits.
 24930 | Lair:6   | Entered Level 6 of the Lair of Beasts
 25129 | Lair:6   | HP: 3/107 [dream sheep[a torpor snail] (3)]
 25134 | Lair:6   | Reached skill level 15 in Armour
 27960 | Lair:6   | Reached XP level 14. HP: 112/115 MP: 15/15
 28296 | Lair:6   | Got the Incunabulum of the Eternal Fruit
 28671 | D:12     | Noticed a stone giant
 28671 | D:12     | Noticed a frost giant
 28780 | D:12     | Noticed Zurghyom's ghost (journeyman DsDe)
 28938 | D:12     | Found a gate leading to a gauntlet.
 28947 | Gauntlet | Entered a Gauntlet
 28947 | Gauntlet | Found a transporter.
 28990 | Gauntlet | Found a transporter.
 28993 | Gauntlet | Found a transporter.
 28994 | Gauntlet | Found a transporter.
 29002 | Gauntlet | Found a transporter.
 29005 | Gauntlet | Found a transporter.
 29006 | Gauntlet | Found a transporter.
 29017 | Gauntlet | Found a transporter.
 29018 | Gauntlet | Found a transporter.
 29019 | Gauntlet | Found a transporter.
 29029 | Gauntlet | Found a transporter.
 29029 | Gauntlet | Found a transporter.
 29030 | Gauntlet | Found a transporter.
 29038 | Gauntlet | Found a transporter.
 29187 | Gauntlet | Identified the +9 flail of Articulation {venom, Will+}
 29187 | Gauntlet | Identified the +14 ice dragon scales of the Wilderness
                  | {Contam rF- rC++ MP+9 Int+5}
 29212 | Gauntlet | HP: 3/115 [poisoned by a minotaur]
 29213 | Gauntlet | Succumbed to a minotaur's poison

Illustrated notes

Levels and vault maps discovered:
D:1:      dpeg_arrival_water_fire, layout_basic, serial_shops, shop
D:2:      kennysheep_six_static_rooms, layout_basic,
          hellmonk_ecumenical_altar_pennies_from_heaven
D:3:      minmay_thinvault, layout_basic, overflow_temple_1_default,
          mainiacjoe_overflow_brackets, lemuel_zombie_altar_kikubaaqudgha,
          ebering_ghost_sewer_f, serial_shops, nicolae_shop_overgrown_old_shop,
          feat_on_display, uniq_jessica
D:4:      layout_basic, nicolae_dithmenos_shadow_blocks, serial_shops,
          nicolae_shop_competitors_out_of_business,
          hangedman_decor_clover_reticule, lemuel_flame_loot_1, uniq_menkaure
D:5:      cheibrodos_thug_alley, layout_basic,
          mainiacjoe_overflow_concentric_impassable,
          minmay_temple_entry_antechambers, st_stairs_4
D:6:      layout_basic, nemelex_dance_club_becter, serial_shops, shop,
          kennysheep_crisscross
D:7:      layout_gridville, hex_medium
D:8:      layout_gridville, overflow_temple_1_default, erik_lair_island,
          palyth_stone_intersect
D:9:      layout_roguey, mainiacjoe_overflow_tiny_flanked, orc_0_dummy,
          nicolae_shop_clearance
D:10:     layout_rooms, chequers_temple_overflow_minitemple,
          lightli_fourway_metalbox
D:11:     layout_loops_ring
D:12:     minmay_diamond_stairs, layout_irregular_city,
          hellmonk_ghost_happy_afterlife, gauntlet_entry_generic,
          guppyfry_shop_earth
Temple:   dpeg_three_leaves_temple
Lair:1:   layout_small_grid, basic_altar, uniq_grum
Lair:2:   layout_roguey, spider_nest_entry_a
Lair:3:   layout_layer_cave, minmay_swamp_entry_wisps, minivault_19,
          serial_bayou_pond_c
Lair:4:   layout_regular_city
Lair:5:   layout_concentric_octagons, slime_altar_2, st_stairs_8
Lair:6:   grunt_lair_end_beastmaster, layout_long_grid, serial_bayou_shore_a,
          infiniplex_staircase_pool, serial_bayou_shore_b
Gauntlet: gammafunk_gauntlet_77_escape_option
          [minmay_gauntlet_arena_77_two_paths, minmay_gauntlet_arena_77_mirror,
          minmay_gauntlet_arena_77_p_blocks,
          minmay_gauntlet_arena_77_double_cross,
          minmay_gauntlet_arena_77_hold_the_fort,
          nicolae_gauntlet_exit_dead_adventurers]

Skill      XL: |  1  2  3  4  5  6  7  8  9 10 11 12 13 14 |
---------------+-------------------------------------------+-----
Fighting       | 2 3 5 8 |  8.0
Maces & Flails | 1 2 4 7 9 10 12 | 12.9
Armour         | 1 2 3 4 5 6 8 10 12 14 15 | 15.9
Axes           | 1 3 4 5 7 10 12 13 | 13.0
Stealth        | 1 |  1.3
Throwing       | 3 7 9 |  9.0
Shields        | 4 9 |  9.0
Dodging        | |  2.1
Unarmed Combat | |  3.2
Spellcasting   | |  1.3
Transmutations | |  1.5

Action                   |  1- 3 |  4- 6 |  7- 9 | 10-12 | 13-15 || total
-------------------------+-------+-------+-------+-------+-------++-------
Melee: Unarmed           |    23 |       |       |       |       ||    23
       Headbutt          |    13 |    25 |    58 |   201 |   142 ||   439
       Punch             |     3 |     2 |     4 |     5 |       ||    14
       Mace              |    90 |     7 |    43 |       |       ||   140
       Whip              |     8 |       |       |       |       ||     8
       Hand axe          |       |    86 |   204 |   513 |   329 ||  1132
       Club              |       |     7 |     8 |       |       ||    15
       Flail             |       |       |    13 |   175 |   199 ||   387
Throw: Dart              |       |    16 |    27 |    70 |    13 ||   126
       Stone             |       |     6 |     5 |       |       ||    11
       Boomerang         |       |       |     6 |    33 |    29 ||    68
Invok: Berserk           |       |       |       |       |     1 ||     1
       Trog's Hand       |       |       |       |       |     1 ||     1
Evoke: Wand              |       |       |     6 |       |       ||     6
  Use: Scroll            |     4 |     3 |     2 |     9 |     3 ||    21
       Potion            |       |       |       |       |     4 ||     4
 Stab: Sleeping          |       |       |     1 |       |       ||     1
       Petrified         |       |       |       |       |    10 ||    10
       Petrifying        |       |       |       |       |     2 ||     2
Armor: Robe              |     4 |       |       |       |       ||     4
       Leather armour    |    20 |    14 |    16 |       |       ||    50
       Ring mail         |       |       |    22 |   120 |       ||   142
       Troll leather arm |       |       |       |    17 |       ||    17
       Scale mail        |       |       |       |     3 |   153 ||   156
Dodge: Dodged            |    53 |    60 |   144 |   349 |   240 ||   846
Block: Buckler           |       |       |       |    66 |    84 ||   150

Table legend: (Time is in decaauts)
 A = Elapsed time spent in this place.
 B = Non-inter-level travel time spent in this place.
 C = Inter-level travel time spent in this place.
 D = Time resting spent in this place.
 E = Time spent auto-exploring this place.
 F = Levels seen in this place.
 G = Mean time per level.
                   A        B        C        D        E       F      G
               +--------+--------+--------+--------+--------+-----+--------+
         Total |  28918 |  26214 |   2704 |  10958 |   3347 |  20 | 1445.9 |
       Dungeon |  17951 |  15648 |   2303 |   6684 |    749 |  12 | 1495.9 |
        Temple |     80 |     66 |     14 |      0 |     58 |   1 |   80.0 |
          Lair |  10627 |  10241 |    386 |   4238 |   2540 |   6 | 1771.2 |
      Gauntlet |    258 |    258 |      0 |     36 |      0 |   1 |  258.0 |
               +--------+--------+--------+--------+--------+-----+--------+

Top non-repeatable levels by time:
     D:8: 2789 daAuts
  Lair:6: 2601 daAuts
  Lair:5: 2231 daAuts
     D:4: 1974 daAuts
     D:2: 1929 daAuts
  Lair:1: 1780 daAuts
     D:3: 1738 daAuts
     D:7: 1673 daAuts
     D:6: 1630 daAuts
  Lair:3: 1595 daAuts
    D:11: 1467 daAuts
     D:1: 1333 daAuts
     D:9: 1303 daAuts
  Lair:4: 1262 daAuts
  Lair:2: 1156 daAuts
